 Dungeon Crawl Stone Soup version 0.30-a0-414-gcb316572d5 (webtiles) character file.

Game seed: 2297182971970124768

7 BelgarathTheWolf the Slasher (level 2, 0/22 HPs)
             Began as a Human Reaver on Dec 7, 2022.
             Slain by an endoplasm (1 damage)
             ... on level 1 of the Dungeon.
             The game lasted 00:09:14 (352 turns).

BelgarathTheWolf the Slasher (Human Reaver)          Turns: 352, Time: 00:09:15

Health: 0/22       AC:  8    Str: 12    XL:     2   Next: 5%
Magic:  5/5        EV:  5    Int: 13    God:
Gold:   9          SH:  0    Dex: 11    Spells: 4/5 levels left

rFire   . . .      SeeInvis .    c - +0 short sword
rCold   . . .      Faith    .    (no shield)
rNeg    . . .      Spirit   .    g - +0 chain mail
rPois   .          Reflect  .    (no helmet)
rElec   .          Harm     .    (no cloak)
rCorr   .          Rampage  .    (no gloves)
Will    .....                    (no boots)
Stlth   ..........               h - amulet of regeneration
HPRegen 0.23/turn                (no ring)
MPRegen 0.09/turn                (no ring)

@: no status effects
A: no striking features
a: no special abilities


You were on level 1 of the Dungeon.
You visited 1 branch of the dungeon, and saw 1 of its levels.

You collected 9 gold pieces.

Inventory:

Hand Weapons
 a - a +0 falchion
 c - a +0 short sword (weapon)
 e - a +0 dagger
Missiles
 f - 5 boomerangs (quivered)
Armour
 b - a +0 leather armour
 g - a +0 chain mail (worn)
Jewellery
 h - an amulet of regeneration (around neck)
Potions
 d - a potion of invisibility {unknown}


   Skills:
 + Level 2.0 Fighting
 + Level 0.5(2.0) Short Blades
 + Level 3.1(3.2) Long Blades
 + Level 2.0 Dodging
 + Level 2.1 Spellcasting
 + Level 3.0 Conjurations


You had 4 spell levels left.
You knew the following spells:

 Your Spells              Type           Power      Damage    Failure   Level
a - Kiss of Death         Conj/Necr      20%        2d7       100%        1

Your spell library contained the following spells:

 Spells                   Type           Power      Damage    Failure   Level
 Momentum Strike          Conj/Tloc      10%        3d8       100%        2
 Hailstorm                Conj/Ice       5%         3d4       100%        3


Dungeon Overview and Level Annotations

Branches:
Dungeon (1/15)

Altars:


Message History

You continue putting on your amulet of regeneration.
The endoplasm barely misses you.
You continue putting on your amulet of regeneration.
The endoplasm freezes you.
You are frozen.
Keep equipping yourself?
You continue putting on your amulet of regeneration.
The endoplasm completely misses you.
You continue putting on your amulet of regeneration.
The endoplasm freezes you.
You are frozen.
You continue putting on your amulet of regeneration.
The endoplasm hits you.
You finish putting on your amulet of regeneration.
The amulet cannot attune itself to your injured body.
h - an amulet of regeneration (around neck)
You hit the endoplasm.
The endoplasm is heavily wounded.
The endoplasm hits you but does no damage.
You hit the endoplasm.
The endoplasm is almost dead.
The endoplasm hits you but does no damage.
You barely miss the endoplasm.
The endoplasm is almost dead.
The endoplasm freezes you.
You are frozen.
* * * LOW HITPOINT WARNING * * *
You barely miss the endoplasm.
The endoplasm is almost dead.
The endoplasm freezes you.
You are frozen.
* * * LOW HITPOINT WARNING * * *
The endoplasm attacks as you move away! The endoplasm completely misses you.
The endoplasm attacks as you move away!
The endoplasm hits you but does no damage.
The endoplasm attacks as you move away! The endoplasm hits you.
* * * LOW HITPOINT WARNING * * *
As you open the door, it creaks loudly! The endoplasm hits you.
You die...

..... ..... .... ....# #
#... ....##. #.# #..
#### #..... ... #.. ..#
#...# #.. #.# #.####...#
#.#...#.#####.##.#...##.
......'@Jgh....†........
#.#...#######.##.#......
#######.# #.........##
#......###.##..#.#.##
#...........#..#
#####.########.#
#..............
#.#######'#####
#.#............


You could see an endoplasm, a jackal and a hobgoblin.

Vanquished Creatures
  A ball python (D:1)
  An endoplasm (D:1)
  A giant cockroach (D:1)
  A jackal (D:1)
  A kobold (D:1)
  A rat (D:1)
6 creatures vanquished.

Notes
Turn   | Place    | Note
-------+----------+-------------------------------------------
     0 | D:1      | BelgarathTheWolf the Human Reaver began the quest for the
                  | Orb.
     0 | D:1      | Reached XP level 1. HP: 16/16 MP: 3/3
   335 | D:1      | Reached XP level 2. HP: 13/22 MP: 5/5
   350 | D:1      | HP: 1/22 [endoplasm (3)]
   352 | D:1      | Slain by an endoplasm

Illustrated notes

Levels and vault maps discovered:
D:1:      matt_arrival_refuge, layout_basic, dilly_ecumenical_altar_fadedgnrine

Action                   || total
-------------------------++-------
Melee: Short sword       ||    33
  Use: Scroll            ||     1
Armor: Chain mail        ||    20
       Leather armour    ||     4
Dodge: Dodged            ||    24

Table legend: (Time is in decaauts)
 A = Elapsed time spent in this place.
 B = Non-inter-level travel time spent in this place.
 C = Inter-level travel time spent in this place.
 D = Time resting spent in this place.
 E = Time spent auto-exploring this place.
 F = Levels seen in this place.
 G = Mean time per level.
                   A        B        C        D        E       F      G
               +--------+--------+--------+--------+--------+-----+--------+
         Total |    348 |    271 |     77 |      0 |      0 |   1 |  348.0 |
       Dungeon |    348 |    271 |     77 |      0 |      0 |   1 |  348.0 |
               +--------+--------+--------+--------+--------+-----+--------+

Top non-repeatable levels by time:
     D:1: 348 daAuts
